 Dungeon Crawl Stone Soup version 0.30-a0-614-ge5ea1257c2 (console) character file.

Game seed: 3673416403533015340

76 Ignak the Sneak (level 4, -3/28 HPs)
             Began as an Octopode Enchanter on Jan 9, 2023.
             Splashed by a jelly's acid (10 damage)
             ... on level 3 of the Dungeon.
             The game lasted 00:02:52 (1334 turns).

Ignak the Sneak (Octopode Enchanter)                Turns: 1334, Time: 00:02:53

Health: -3/28      AC: -3    Str:  7    XL:     4   Next: 32%
Magic:  7/7        EV: 13    Int: 17    God:
Gold:   100        SH:  0    Dex: 14    Spells: 2/7 levels left

rFire   . . .      SeeInvis .    a - +1 dagger
rCold   . . .      Faith    .    (no shield)
rNeg    . . .      Spirit   .    (helmet restricted)
rPois   .          Reflect  .    (no amulet)
rElec   .          Harm     .    (no ring)
rCorr   .          Rampage  .    (no ring)
Will    .....                    (no ring)
Stlth   ++++                     (no ring)
HPRegen 0.24/turn                (no ring)
MPRegen 0.10/turn                (no ring)
                                 (no ring)
                                 (no ring)

@: corroded
A: almost no armour, amphibious, 8 rings, camouflage 1, gelatinous body 1,
(nimble swimmer 1), tentacles
a: no special abilities


You were on level 3 of the Dungeon.
You visited 1 branch of the dungeon, and saw 3 of its levels.

You collected 100 gold pieces.

Inventory:

Hand Weapons
 a - a +1 dagger (weapon)
Jewellery
 c - a ring of fire
Wands
 i - a wand of light (13)
Scrolls
 d - 2 scrolls of teleportation {unknown}
 f - a scroll of silence {unknown}
 h - a scroll of torment {unknown}
Potions
 b - 2 potions of invisibility
 e - a potion of attraction {unknown}
 g - a potion of mutation {unknown}


   Skills:
 + Level 1.0 Fighting
 + Level 1.5 Short Blades
 * Level 2.7 Dodging
 * Level 4.7 Stealth
 - Level 1.0 Unarmed Combat
 + Level 2.2 Spellcasting
 + Level 3.2 Hexes


You had 2 spell levels left.
You knew the following spells:

 Your Spells              Type           Power      Damage    Failure   Level
a - Confusing Touch       Hex            13%        N/A       14%         3
c - Ensorcelled Hibernat  Hex/Ice        14%        N/A       14%         2

Your spell library contained the following spells:

 Spells                   Type           Power      Damage    Failure   Level
 Tukima's Dance           Hex            13%        N/A       14%         3
 Dazzling Flash           Conj/Hex       14%        N/A       28%         3


Dungeon Overview and Level Annotations

Branches:
Dungeon (3/15)

Altars:


Innate Abilities, Weirdness & Mutations

You cannot wear most types of armour.
You are amphibious.
You can wear up to eight rings at the same time.
Your skin changes colour to match your surroundings (Stealth+).
Your rubbery body absorbs attacks. (AC +1, EV +1)
((You are camouflaged when in or above water. (Stealth+)))
You have tentacles for arms and can constrict up to eight enemies at once.


Message History

You see here a +0 dagger.
You see here 2 stones.
A worm comes into view.
The helpless worm fails to defend itself.
You impale the worm!!
You kill the worm!
You see here a worm corpse.
Found a pair of runed boots.
You see here a +1 pair of boots.
You see here a +1 pair of boots.
Found an escape hatch in the ceiling.
There is an escape hatch in the ceiling here.
You now have 96 gold pieces (gained 9).
There is an escape hatch in the ceiling here.
You now have 100 gold pieces (gained 4).
An adder comes into view.
The helpless adder fails to defend itself.
You puncture the adder!
You kill the adder!
You see here an adder corpse.
Done exploring.
Done exploring.
Done exploring.
There is a stone staircase leading down here.
You climb downwards.
There is a stone staircase leading up here.
i - a wand of light (13)
A jelly comes into view.
The jelly quivers.
You hit the jelly.
Your tentacles burn!
The jelly is lightly wounded.
You hit the jelly.
Your tentacles burn!
The jelly is lightly wounded.
The jelly hits you.
You are splashed with acid!
You hit the jelly.
Your tentacles burn!
The jelly is lightly wounded.
The jelly hits you.
* * * LOW HITPOINT WARNING * * *
The acid corrodes you!
You are splashed with acid!
You die...

#.###.#<########
#.......#
#####.### #.#
#.# #.#####
#.....#
...#####....###
......J@......+
.#.#####....###
##.#.# ##.# #


You could see a jelly.

Vanquished Creatures
  4 adders (D:2)
  A worm (D:2)
  3 dart slugs
  An endoplasm (D:1)
  2 giant cockroaches
  4 goblins
  A hobgoblin (D:2)
  4 jackals (D:1)
  2 ball pythons
  2 bats (D:2)
  2 frilled lizards (D:1)
  5 kobolds
31 creatures vanquished.

Notes
Turn   | Place    | Note
-------+----------+-------------------------------------------
     0 | D:1      | Ignak the Octopode Enchanter began the quest for the Orb.
     0 | D:1      | Reached XP level 1. HP: 11/11 MP: 3/3
   177 | D:1      | Reached XP level 2. HP: 11/18 MP: 5/5
   182 | D:1      | Learned a level 2 spell: Ensorcelled Hibernation
   428 | D:1      | Reached XP level 3. HP: 22/22 MP: 6/6
   666 | D:2      | Learned a level 3 spell: Confusing Touch
   855 | D:2      | Reached skill level 1 in Unarmed Combat
   855 | D:2      | Reached XP level 4. HP: 26/27 MP: 0/7
   945 | D:2      | Found a faded altar of an unknown god.
   991 | D:2      | Reached skill level 1 in Fighting
  1334 | D:3      | Splashed by a jelly's acid

Illustrated notes

Levels and vault maps discovered:
D:1:      giann_wishing_wells, layout_basic, chequers_serial_rivers_small_3
D:2:      layout_loops_ring, ebering_ecumenical_altar_webs
D:3:      layout_loops_corners, minmay_stone_trees_small,
          kennysheep_generic_room_3

Skill      XL: |  1  2  3  4 |
---------------+-------------+-----
Unarmed Combat | 1 |  1.0
Fighting       | 1 |  1.0
Short Blades   | |  1.5
Dodging        | |  2.7
Stealth        | |  4.7
Spellcasting   | |  2.2
Hexes          | |  3.2

Action                   |  1- 3 |  4- 6 || total
-------------------------+-------+-------++-------
Melee: Dagger            |    50 |    14 ||    64
       Constrict         |    13 |     3 ||    16
       Tentacles         |     8 |     4 ||    12
 Cast: Ensorcelled Hiber |     7 |       ||     7
 Stab: Sleeping          |    10 |     2 ||    12
Armor: Skin              |     3 |       ||     3
Dodge: Dodged            |    35 |     8 ||    43

Table legend: (Time is in decaauts)
 A = Elapsed time spent in this place.
 B = Non-inter-level travel time spent in this place.
 C = Inter-level travel time spent in this place.
 D = Time resting spent in this place.
 E = Time spent auto-exploring this place.
 F = Levels seen in this place.
 G = Mean time per level.
                   A        B        C        D        E       F      G
               +--------+--------+--------+--------+--------+-----+--------+
         Total |   1328 |   1311 |     17 |     71 |    861 |   3 |  442.7 |
       Dungeon |   1328 |   1311 |     17 |     71 |    861 |   3 |  442.7 |
               +--------+--------+--------+--------+--------+-----+--------+

Top non-repeatable levels by time:
     D:2: 730 daAuts
     D:1: 579 daAuts
     D:3: 18 daAuts
